 Dungeon Crawl Stone Soup version 0.23-a0-644-gb60d84b (webtiles) character file.

46 Borgoz the Ruffian (level 3, -2/30 HPs)
             Began as a Ghoul Gladiator on Jan 1, 2019.
             Slain by Natasha (6 damage)
             ... on level 2 of the Dungeon.
             The game lasted 00:01:26 (1112 turns).

Borgoz the Ruffian (Ghoul Gladiator)                Turns: 1112, Time: 00:01:27

Health: -2/30      AC:  4    Str: 17    XL:     3   Next: 68%
Magic:  2/2        EV: 18    Int:  3    God:
Gold:   115        SH:  0    Dex: 16    Spells: 2/2 levels left

rFire    . . .     SeeInvis .     - Unarmed
rCold    + . .     Gourm    .   (no shield)
rNeg     + + +     Faith    .   a - +0 leather armour
rPois    ∞         Spirit   .   b - +0 helmet
rElec    .         Reflect  .   (no cloak)
rCorr    .         Harm     .   (no gloves)
MR       .....                  (no boots)
Stlth    ++........             (no amulet)
HPRegen  0.00/turn              (no ring)
MPRegen  0.08/turn              (no ring)

@: agile, rotting, slowed, very slow
A: rotting body, claws 1, carnivore, cold resistance 1, negative energy
resistance 3, inhibited regeneration, torment resistance, unbreathing
a: no special abilities


You were on level 2 of the Dungeon.
You were not hungry.

You visited 1 branch of the dungeon, and saw 2 of its levels.

You collected 115 gold pieces.

Inventory:

Missiles
 c - 3 throwing nets (quivered)
Armour
 a - a +0 leather armour (worn)
 b - a +0 helmet (worn)
Jewellery
 i - a cursed -2 ring of intelligence {unknown}
Scrolls
 e - a scroll of remove curse {unknown}
 f - 4 scrolls of identify {unknown}
 g - a scroll of blinking {unknown}
 l - a scroll of teleportation {unknown}
Potions
 h - a potion of heal wounds {unknown}
 k - a potion of haste {unknown}
Comestibles
 d - 5 rations
 m - a chunk of flesh


   Skills:
 + Level 2.4 Fighting
 - Level 1.7 Throwing
 + Level 0.7 Armour
 + Level 3.2 Dodging
 + Level 4.1 Unarmed Combat


You had 2 spell levels left.
You didn't know any spells.
Your spell library was empty.

Dungeon Overview and Level Annotations

Branches:
Dungeon (2/15)

Altars:

Annotations:
D:2 Natasha


Innate Abilities, Weirdness & Mutations

Your body is rotting away.
You thrive on raw meat.
You are immune to poison.
You have sharp fingernails.
You are carnivorous and can eat meat at any time.
Your flesh is cold resistant. (rC+)
You are immune to negative energy. (rN+++)
You do not regenerate when monsters are visible.
You are immune to unholy pain and torment.
You can survive without breathing.


Message History

You closely miss Natasha.
Natasha is moderately wounded.
The white imp gestures at you. The puff of frost hits you! You resist.
Natasha claws you. The white imp gestures at you. The puff of frost hits you!
You resist. Natasha claws you.
* * * LOW HITPOINT WARNING * * *
It was a potion of agility.
You feel agile all of a sudden. The white imp gestures at you.
The puff of frost misses you.
Natasha wildly gestures.
Natasha glows brightly for a moment.
Natasha closely misses you.
You claw Natasha!
Natasha is almost dead.
The white imp completely misses you. Natasha claws you.
* * * LOW HITPOINT WARNING * * *
The white imp barely misses you. Natasha claws you.
You die...

#...# ##.(...## #.###
##.......## ##.##
#.........####...##
+.........+.......#
#.........####...#####
#$......# ##....... #..h5.#
#..##### #.@.# #..### #
########'## #....# #
#........# ##.#.###
#.######.# #######......
#.#####.######.##
#....).##.###
#...............###.####.##.#
#######..#.#.....##.# #.##.#
#..#.##...###.####.##.#
#..#.##..####.#.......#


You could see Natasha and a white imp.

Vanquished Creatures
  2 adders (D:2)
  A dart slug (D:2)
  A leopard gecko (D:2)
  A ball python (D:1)
  A bat (D:1)
  2 giant cockroaches (D:2)
  3 goblins
  7 hobgoblins
  A frilled lizard (D:1)
  A kobold (D:1)
  4 rats (D:1)
24 creatures vanquished.

Notes
Turn   | Place    | Note
-------+----------+-------------------------------------------
     0 | D:1      | Borgoz the Ghoul Gladiator began the quest for the Orb.
     0 | D:1      | Reached XP level 1. HP: 17/17 MP: 0/0
   308 | D:1      | Reached XP level 2. HP: 16/25 MP: 1/1
   843 | D:2      | Reached XP level 3. HP: 25/30 MP: 2/2
   882 | D:2      | Reached skill level 4 in Unarmed Combat
  1104 | D:2      | Noticed Natasha
  1112 | D:2      | Slain by Natasha

Vault maps used:
D:1:      lemuel_arrival_river_bridge
D:2:      minmay_tromino_mix6, uniq_natasha, uniq_sigmund

Skill      XL: |  1  2  3 |
---------------+----------+-----
Dodging        | 3 |  3.2
Unarmed Combat | 4 |  4.1
Fighting       | |  2.4
Throwing       | |  1.7
Armour         | |  0.7

Action                   || total
-------------------------++-------
Melee: Unarmed           ||    92
       Punch             ||     3
  Use: Potion            ||     1
  Eat: Chunk             ||    11
Armor: Leather armour    ||    18
Dodge: Dodged            ||    50

Table legend:
 A = Non-vault XP
 B = Vault XP
 C = Vault XP percentage of total XP
 D = Non-vault monster count
 E = Vault monster count
 F = Vault count percentage of total count
                 A         B        C        D         E       F
            +---------+---------+-------+---------+---------+-------
      Total |      67 |       0 |   0.0 |      24 |       0 |   0.0
            +---------+---------+-------+---------+---------+-------
        D:1 |      20 |       0 |   0.0 |      13 |       0 |   0.0
        D:2 |      47 |       0 |   0.0 |      11 |       0 |   0.0
            +---------+---------+-------+---------+---------+-------
